 Dungeon Crawl Stone Soup version 0.32-a0-779-g362cfcae2a (webtiles) character file.

Game seed: 8182519003538248168

10535 910rd the Fighter (level 11, -9/82 HPs)
             Began as a Djinni Wanderer on Mar 19, 2024.
             Was an Elder of Beogh.
             Mangled by a very large slime creature (44 damage)
             ... on level 10 of the Dungeon.
             The game lasted 00:55:53 (12783 turns).

910rd the Fighter (Djinni Wanderer)                Turns: 12783, Time: 00:55:54

Health: -9/82      AC:  5    Str: 10    XL:     11   Next: 94%
Gold:   636        EV: 12    Int: 19    God:    Beogh [****..] SH:  0 Dex: 13

rFire   + + .        C - +2 hammer (protect)
rCold   . . .        (no shield)
rNeg    . . .        k - +0 leather armour {rC+}
rPois   ∞            p - +0 helmet
rElec   .            B - +0 cloak
rCorr   +            (no gloves)
SInv    .            (boots unavailable)
Will    +....        w - amulet of the acrobat
Stlth   ++           M - ring of resist corrosion
HPRegen 0.33/turn    z - ring of wizardry
MPRegen 0.00/turn

%: acrobat, wizardry (x1), infuse magic (-10 HP)
@: flying
A: sickness immunity, fire resistance 2, cold vulnerability 1, float, innate
caster, HP casting, extra vitality 1
a: Renounce Religion, Smiting, Recall Apostles, Dismiss Warbeogh, warrior,
Dismiss Orbeogh, wizard


You were on level 10 of the Dungeon.
You worshipped Beogh.
Beogh was greatly pleased with you.
You visited 1 branch of the dungeon, and saw 10 of its levels.
You also visited: Sewer and Ossuary.

You collected 675 gold pieces.
You spent 39 gold pieces at shops.

Inventory:

Hand Weapons
 a - a +0 dagger
 n - a +2 heavy mace
 v - a +0 morningstar
 x - a +2 dagger of protection
 A - a +0 hammer of holy wrath
 C - a +2 hammer of protection (weapon)
 F - a +1 heavy flail
 G - a +4 flail
 H - a +1 dagger of flaming
 J - a +1 whip of pain
 L - a +0 morningstar
 Q - a +3 trident of draining
 S - a +2 whip of electrocution
Missiles
 b - 4 throwing nets
 h - 10 poisoned darts
Armour
 e - a +0 leather armour
 k - a +0 leather armour of cold resistance (worn)
 p - a +0 helmet (worn)
 B - a +0 cloak (worn)
 R - a +2 robe of willpower
Jewellery
 m - a ring of protection from fire
 w - an amulet of the acrobat (around neck)
 z - a ring of wizardry (right hand)
 M - a ring of resist corrosion (left hand)
 U - a ring of fire
Wands
 c - a wand of flame (5)
 E - a wand of polymorph (6)
 N - a wand of mindburst (7)
Scrolls
 g - a scroll of vulnerability
 i - 2 scrolls of poison
 j - 8 scrolls of teleportation
 l - a scroll of revelation
 r - a scroll of butterflies
 t - 4 scrolls of fog
 u - 2 scrolls of noise
 y - a scroll of amnesia
 D - a scroll of blinking
 I - 2 scrolls of identify
 O - a scroll of immolation
 T - a scroll of acquirement
 V - a scroll of fear
Potions
 d - 6 potions of brilliance
 f - a potion of cancellation
 o - 6 potions of might
 q - 2 potions of attraction
 s - 7 potions of curing
 K - 3 potions of lignification
 P - a potion of haste


   Skills:
 + Level 8.7 Fighting
 + Level 7.7 Maces & Flails
 - Level 3.0 Armour
 - Level 5.0 Dodging
 - Level 3.0 Stealth
 - Level 8.0 Spellcasting
 - Level 8.0 Conjurations
 - Level 8.0 Hexes
 - Level 8.0 Summonings
 - Level 8.0 Necromancy
 - Level 8.0 Translocations
 - Level 8.0 Fire Magic
 - Level 8.0 Ice Magic
 - Level 8.0 Air Magic
 - Level 8.0 Earth Magic
 - Level 8.0 Alchemy
 - Level 6.0 Invocations
 - Level 3.0 Evocations


You knew the following spells:

 Your Spells              Type           Power      Damage    Failure   Level
a - Magic Dart            Conj           100%       1d8       1%          1
b - Iskenderun's Battles  Conj           38%        2d9       4%          5
c - Static Discharge      Conj/Air       76%        3-7/arc   1%          2
d - Hailstorm             Conj/Ice       38%        3d9       1%          3
e - Flame Wave            Conj/Fire      38%        2d10      1%          4
f - Dazzling Flash        Conj/Hex       76%        N/A       1%          3
z - Kiss of Death         Conj/Necr      100%       2d13      1%          1

Your spell library contained the following spells:

 Spells                   Type           Power      Damage    Failure   Level


Dungeon Overview and Level Annotations

Branches:
Dungeon (10/15) Zot: 26783  Temple (0/1) D:5            Lair (0/5) D:10
    Orc (0/2) D:9           Sewer (visited)         Ossuary (visited)

Altars:
Elyvilon
Nemelex Xobeh
Qazlal
Uskayaw
Zin

Shops:
D:3 ?[[   D:5 ?   D:10 (

Portals:
Bailey: D:10

Annotations:
D:9 2 transporters, lunkers's ghost, journeyman CoBe


Innate Abilities, Weirdness & Mutations

Your facial features look somewhat orcish.
You are immune to sickness and miasma.
You are immune to poison.
Your flesh is very heat resistant. (rF++)
You are vulnerable to cold. (rC-)
You float through the air rather than walking.
You learn spells naturally, not from books.
Your magical power is your life essence.
You have superior vitality. (+4 MHP)


Message History

Press: ? - help, Shift-Dir - straight line, f/p - slime creature
Aim: a slime creature (moderately wounded, ally target, not susceptible) Something's mind is blasted!!
Something hits you.
* * * LOW HITPOINT WARNING * * *
The slime creature hits your battlesphere.
Your battlesphere is destroyed!
You take 5 damage, and have 53/82 hp.
Casting: Iskenderun's Battlesphere (dangerous; 4% risk of failure)
Confirm with . or Enter, or press ? or * to list all spells.
You can't see any susceptible monsters within range! (Use Z to cast anyway.)
Casting: Iskenderun's Battlesphere (dangerous; 4% risk of failure)
Confirm with . or Enter, or press ? or * to list all spells.
Okay, then.
Casting: Static Discharge (safe; 1% risk of failure)
Confirm with . or Enter, or press ? or * to list all spells.
You can't see any susceptible monsters within range! (Use Z to cast anyway.)
Casting: Static Discharge (safe; 1% risk of failure)
Confirm with . or Enter, or press ? or * to list all spells.
Casting: Hailstorm (safe; 1% risk of failure)
Press: ? - help, Dir - look around, f - activate
Okay, then.
Okay, then.
Aiming: Polymorph
Press: ? - help, Shift-Dir - straight line, p - slime creature A queen bee appears out of thin air!
Reactivating autopickup.
You hear the creaking of a portcullis.
Two slime creatures merge to form a large slime creature.
Two slime creatures merge to form a very large slime creature.
Okay, then.
Aiming: Smiting
Press: ? - help, Dir - move target, f - very large slime creature Smite: a very large slime creature (moderately wounded)
You smite the very large slime creature!
The very large slime creature is moderately wounded.
The queen bee stings you!
* * * LOW HITPOINT WARNING * * *
The very large slime creature hits you!!!
Ouch! That really hurt!
You die...

#..# *,,* *,,* #..# *,,* *>,*
#..# *,,* *,,*
**#######..######.,*****,,****
*,................,,,,,,,,,,,,
*,................,,,,,,,,,,,,
***#####..########,,,,,,,,,,**
#..# ### *,,,,,,,,,,* #..###@#
*,,,,,>,,,,*
***#####..##yJ####...,,,,,,,**
*,..........oJ.......,,,,,,,,,
*,...........).......,,,,,,,,,
**#####..####........,********
#..* #....)..),* #..*
#...)∩)..,* #..* #....)...,*
******#..***#........,********


You could see a very large slime creature, a slime creature, a queen bee (ally
target) and the friendly Warbeogh the orc apostle.

Vanquished Creatures
  The ghost of hikkokomori the Skirmisher, a journeyman CoHu of Okawaru (D:8)
  Pikel (D:8)
  An orange demon (D:9)
  Jeremiah (D:8)
  A red devil (D:9)
  An ice devil (D:9)
  Grinder (D:4)
  A ynoxinul (D:9)
  15 yaks
  Sigmund (D:2)
  2 wyverns
  A steam dragon (D:7)
  Menkaure (D:4)
  3 ice beasts
  Pargi (Sewer)
  A sky beast (D:7)
  A black bear (D:7)
  An ogre (D:5)
  A phantom (D:4)
  A lemure (D:8)
  Blork the orc (D:4)
  5 bullfrogs
  6 scorpions
  15 wights
  9 killer bees (D:8)
  2 bombardier beetles
  2 hounds
  2 jellies (Sewer)
  3 orc priests
  2 gnoll boudas
  Crazy Yiuf (D:4)
  2 human zombies (Ossuary)
  6 iguanas
  2 sleepcaps
  5 orc wizards
  An ogre zombie (D:9)
  A hound zombie (Ossuary)
  4 mummies (Ossuary)
  8 gnolls
  10 adders
  2 shadow imps
  A white imp (D:6)
  2 ufetubi (D:7)
  2 adder zombies (Ossuary)
  3 dart slugs
  A ribbon worm (D:2)
  9 orcs
  5 bats
  4 endoplasms
  3 giant cockroaches
  8 goblins
  5 hobgoblins
  10 kobolds
  3 quokkas
  8 ball pythons
  3 frilled lizards
  4 gnoll zombies (D:9)
  A goblin zombie (Ossuary)
  A hobgoblin zombie (Ossuary)
  A jackal zombie (Ossuary)
  A kobold zombie (Ossuary)
  2 orc skeletons (D:9)
  15 orc zombies
  5 rats
  2 rat zombies (Ossuary)
225 creatures vanquished.

Vanquished Creatures (collateral kills)
  An ice devil (D:9)
  A troll (D:9)
  A shadow (D:10)
  A wraith (D:9)
  3 yaks (D:10)
  A two-headed ogre zombie (D:9)
  An orc warrior (D:10)
  2 troll zombies (D:9)
  An orc priest (D:9)
  4 ogre zombies (D:9)
  2 gnolls (D:9)
  An orc skeleton (D:9)
  4 orc zombies (D:9)
  A foxfire (D:9)
24 creatures vanquished.

Vanquished Creatures (others)
  An orc apostle (D:9)
  4 orcs
  13 foxfires (D:9)
18 creatures vanquished.

Grand Total: 267 creatures vanquished

Notes
Turn   | Place    | Note
-------+----------+-------------------------------------------
     0 | D:1      | 910rd the Djinni Wanderer began the quest for the Orb.
     0 | D:1      | 910rd set off with the following items: a +0 dagger, 3
                  | throwing nets, a wand of flame (3), a potion of
                  | lignification, a +0 leather armourthe following spells
                  | memorised: Magic Dart, Dazzling Flash.
     0 | D:1      | Reached XP level 1. HP: 15/15 MP: 0/0
    40 | D:1      | Reached skill level 1 in Fighting
    79 | D:1      | Reached XP level 2. HP: 20/22 MP: 0/0
   318 | D:1      | Reached XP level 3. HP: 26/28 MP: 0/0
   318 | D:1      | Learned a level 1 spell: Kiss of Death
   636 | D:2      | Noticed Sigmund
   981 | D:2      | HP: 1/28 [ribbon worm (8)]
  1276 | D:2      | Reached XP level 4. HP: 26/33 MP: 0/0
  1360 | D:2      | Killed Sigmund
  1361 | D:2      | Reached XP level 5. HP: 6/38 MP: 0/0
  1361 | D:2      | Learned a level 2 spell: Static Discharge
  1361 | D:2      | Reached XP level 6. HP: 7/43 MP: 0/0
  2393 | D:3      | HP: 1/45 [scorpion (4)]
  2586 | D:3      | Found Nugaidgh's Magic Scroll Shop.
  2596 | D:3      | Bought a scroll of teleportation for 39 gold pieces
  2665 | D:3      | Found Jouqon's Antique Armour Boutique.
  2775 | D:3      | Found Raneidd's Antique Armour Emporium.
  3290 | D:4      | Reached XP level 7. HP: 28/53 MP: 0/0
  3290 | D:4      | Learned a level 3 spell: Hailstorm
  3389 | D:4      | Found a runed translucent door.
  3391 | D:4      | Noticed Crazy Yiuf
  3403 | D:4      | Killed Crazy Yiuf
  3508 | D:4      | Noticed Grinder
  3515 | D:4      | Killed Grinder
  3516 | D:4      | Reached skill level 5 in Fighting
  3615 | D:4      | Reached skill level 5 in Spellcasting
  3615 | D:4      | Reached skill level 5 in Conjurations
  3615 | D:4      | Reached skill level 5 in Hexes
  3615 | D:4      | Reached skill level 5 in Summonings
  3615 | D:4      | Reached skill level 5 in Necromancy
  3615 | D:4      | Reached skill level 5 in Translocations
  3615 | D:4      | Reached skill level 5 in Fire Magic
  3615 | D:4      | Reached skill level 5 in Ice Magic
  3615 | D:4      | Reached skill level 5 in Air Magic
  3615 | D:4      | Reached skill level 5 in Earth Magic
  3615 | D:4      | Reached skill level 5 in Alchemy
  3848 | D:4      | Noticed Menkaure
  3853 | D:4      | Killed Menkaure
  3854 | D:4      | Reached skill level 5 in Dodging
  3854 | D:4      | Reached XP level 8. HP: 32/59 MP: 0/0
  4012 | D:4      | Noticed Blork the orc
  4017 | D:4      | Killed Blork the orc
  4177 | D:5      | Entered Level 5 of the Dungeon
  4184 | D:5      | Became a worshipper of Beogh the Shepherd
  4198 | D:5      | Found a sand-covered staircase.
  4202 | Ossuary  | Entered an ossuary
  4607 | D:5      | Found Taluqiq's Magic Scroll Shoppe.
  4628 | D:5      | Found a staircase to the Ecumenical Temple.
  4707 | D:5      | Found a glowing drain.
  4720 | Sewer    | Entered a sewer
  4901 | Sewer    | Reached skill level 1 in Invocations
  4980 | Sewer    | Noticed Pargi
  4991 | Sewer    | Killed Pargi
  5244 | D:5      | Reached skill level 1 in Maces & Flails
  5437 | D:5      | Reached XP level 9. HP: 55/66 MP: 0/0
  5437 | D:5      | Learned a level 4 spell: Flame Wave
  5829 | D:5      | Reached * piety under Beogh
  7767 | D:7      | Reached skill level 5 in Maces & Flails
  8078 | D:7      | Reached XP level 10. HP: 55/75 MP: 0/0
  8337 | D:7      | Noticed Maurice
  8338 | D:7      | Maurice changed into Maurice the scorpion
  8338 | D:7      | Noticed Maurice
  8341 | D:7      | Killed Maurice the scorpion
  8577 | D:7      | Reached skill level 1 in Armour
  8781 | D:8      | Reached ** piety under Beogh
  8787 | D:8      | Noticed Jeremiah
  8790 | D:8      | Noticed Pikel
  8993 | D:8      | Noticed hikkokomori's ghost (journeyman CoHu)
  8993 | D:8      | Found a runed translucent gate.
  8993 | D:8      | Found a runed translucent gate.
  8993 | D:8      | Found a runed translucent gate.
  9217 | D:8      | Reached skill level 5 in Invocations
  9387 | D:8      | Killed Jeremiah
  9395 | D:8      | Killed Pikel
  9396 | D:8      | Reached XP level 11. HP: 55/81 MP: 0/0
  9396 | D:8      | Learned a level 5 spell: Iskenderun's Battlesphere
 10203 | D:9      | Found a transporter.
 10210 | D:9      | Noticed lunkers's ghost (journeyman CoBe)
 10242 | D:9      | Noticed a cyclops
 10292 | D:9      | Noticed a seven-headed hydra
 10325 | D:9      | Found a stormy altar of Qazlal.
 10325 | D:9      | Found a glowing silver altar of Zin.
 10334 | D:9      | Found a white marble altar of Elyvilon.
 10335 | D:9      | Found a sparkling altar of Nemelex Xobeh.
 10342 | D:9      | Found a transporter.
 10648 | D:9      | Found a hide-covered altar of Uskayaw.
 10688 | D:9      | Reached *** piety under Beogh
 10750 | D:9      | Noticed Warbeogh
 10766 | D:9      | Anointed Warbeogh the warrior as your apostle
 11377 | D:8      | Killed hikkokomori's ghost
 11533 | D:9      | Found a staircase to the Orcish Mines.
 11591 | D:9      | Anointed Orbeogh the wizard as your apostle
 11720 | D:9      | Reached **** piety under Beogh
 12084 | D:9      | Your ally Orbeogh died
 12568 | D:10     | Entered Level 10 of the Dungeon
 12570 | D:10     | Identified a scroll of acquirement
 12571 | D:10     | Found Ethierr's Antique Weapon Boutique.
 12771 | D:10     | Found a staircase to the Lair.
 12771 | D:10     | Found a flagged portal.
 12783 | D:10     | Mangled by a very large slime creature

Illustrated notes

Levels and vault maps discovered:
D:1:      minmay_arrival_cross, layout_basic, minivault_26, minmay_pentomino_z2
D:2:      layout_basic, uniq_sigmund
D:3:      layout_basic, serial_shops, nicolae_shop_statue_plus, shop, shop,
          minmay_misc_feat_five
D:4:      minmay_door_path, layout_gridville, moated_statue,
          uniq_crazy_yiuf_cottage, uniq_blork_the_orc, uniq_menkaure,
          uniq_grinder
D:5:      layout_loops_cross, minmay_temple_entry_wispy,
          nicolae_ossuary_entry_plus, serial_shops, nicolae_shop_crystal,
          portal_sewer_entry_d, minmay_holes
D:6:      minmay_general_purpose_star, layout_loops_ring
D:7:      layout_gridville, serial_glass, glass_columns_a, glass_columns_b,
          uniq_maurice
D:8:      layout_loops_ring, ebering_ghost_rock_garden, uniq_pikel,
          uniq_jeremiah
D:9:      layout_loops_cross, grunt_temple_overflow_open, zombieorc2_lemuel,
          gammafunk_ghost_arena, serial_demonic, serial_demonic_d,
          serial_demonic_g, serial_demonic_f, serial_demonic_a,
          serial_demonic_f, serial_demonic_b
D:10:     layout_small_grid, lair_entry_dummy, serial_shops, shop,
          nicolae_trove_entry_crystal, enter_bailey_2, lightli_fourway_metalbox,
          uniq_fannar

Skill      XL: |  1  2  3  4  5  6  7  8  9 10 11 |
---------------+----------------------------------+-----
Fighting       | 1 2 4 5 6 7 8 |  8.7
Spellcasting   | 2 4 5 6 7 8 |  8.0
Conjurations   | 2 4 5 6 7 8 |  8.0
Hexes          | 2 4 5 6 7 8 |  8.0
Summonings     | 2 4 5 6 7 8 |  8.0
Necromancy     | 2 4 5 6 7 8 |  8.0
Translocations | 2 4 5 6 7 8 |  8.0
Fire Magic     | 2 4 5 6 7 8 |  8.0
Ice Magic      | 2 4 5 6 7 8 |  8.0
Air Magic      | 2 4 5 6 7 8 |  8.0
Earth Magic    | 2 4 5 6 7 8 |  8.0
Alchemy        | 2 4 5 6 7 8 |  8.0
Dodging        | 5 |  5.0
Stealth        | 2 3 |  3.0
Invocations    | 3 5 6 |  6.0
Maces & Flails | 1 5 7 |  7.7
Armour         | 3 |  3.0
Evocations     | 3 |  3.0

Action                     |  1- 3 |  4- 6 |  7- 9 | 10-12 || total
---------------------------+-------+-------+-------+-------++-------
  Melee: Dagger            |    14 |    27 |    65 |       ||   106
         Unarmed           |       |       |     4 |       ||     4
         Mace              |       |       |       |    38 ||    38
  Throw: Throwing net      |     1 |       |     1 |       ||     2
         Dart              |       |       |     4 |       ||     4
   Cast: Magic Dart        |    77 |    73 |    78 |    86 ||   314
         Static Discharge  |       |    13 |    47 |    20 ||    80
         Dazzling Flash    |       |     4 |     1 |       ||     5
         Hailstorm         |       |       |    29 |    32 ||    61
         Flame Wave        |       |       |    11 |    23 ||    34
         Iskenderun's Batt |       |       |       |    24 ||    24
 Invoke: Convert to Beogh  |       |       |     1 |       ||     1
         Recall Apostles   |       |       |       |     4 ||     4
         Recruit Apostle   |       |       |       |     2 ||     2
         Smiting           |       |       |       |     1 ||     1
  Evoke: Wand              |       |       |    12 |     9 ||    21
    Use: Potion            |       |     1 |     1 |     3 ||     5
         Scroll            |       |       |    17 |     6 ||    23
   Stab: Sleeping          |       |       |     2 |     1 ||     3
         Confused          |       |       |     1 |       ||     1
 Armour: Skin              |    14 |    41 |   130 |       ||   185
         Leather armour    |     3 |       |    12 |   136 ||   151
  Dodge: Dodged            |    26 |    33 |   127 |   163 ||   349

Table legend: (Time is in decaauts)
 A = Elapsed time spent in this place.
 B = Non-inter-level travel time spent in this place.
 C = Inter-level travel time spent in this place.
 D = Time resting spent in this place.
 E = Time spent auto-exploring this place.
 F = Levels seen in this place.
 G = Mean time per level.
                   A        B        C        D        E       F      G
               +--------+--------+--------+--------+--------+-----+--------+
         Total |  12786 |  12495 |    291 |   3229 |   7090 |  12 | 1065.5 |
       Dungeon |  12004 |  11713 |    291 |   2868 |   6945 |  10 | 1200.4 |
         Sewer |    421 |    421 |      0 |    193 |    128 |   1 |  421.0 |
       Ossuary |    360 |    360 |      0 |    168 |     17 |   1 |  360.0 |
               +--------+--------+--------+--------+--------+-----+--------+

Top non-repeatable levels by time:
     D:9: 2000 daAuts
     D:2: 1780 daAuts
     D:8: 1775 daAuts
     D:7: 1718 daAuts
     D:5: 1187 daAuts
     D:6: 1067 daAuts
     D:4: 995 daAuts
     D:3: 842 daAuts
     D:1: 557 daAuts
   Sewer: 421 daAuts
 Ossuary: 360 daAuts
    D:10: 79 daAuts
